 Dungeon Crawl Stone Soup version 0.21-a0-55-gb612c23 (webtiles) character file.

46393 Kidiri the Thaumaturge (level 14, -19/79 HPs)
             Began as a Deep Elf Fire Elementalist on June 14, 2017.
             Was a High Priest of Vehumet.
             Demolished by dududu's ghost (24 damage)
             ... in a volcano.
             The game lasted 01:48:39 (24011 turns).

Kidiri the Thaumaturge (DEFE)                      Turns: 24011, Time: 01:48:40

Health: -19/79     AC: 16    Str: 15    XL:     14   Next: 4%
Magic:  5/34       EV: 15    Int: 30    God:    Vehumet [*****.]
Gold:   939        SH:  0    Dex: 15    Spells: 5/41 levels left

rFire    . . .     SeeInvis +   w - +3 lajatang of Empoab {slice, rPois Str+5}
rCold    + . .     Gourm    .   (shield currently unavailable)
rNeg     . . .     Faith    .   x - +0 ring mail
rPois    +         Spirit   .   L - +1 hat
rElec    .         Reflect  .   Q - +2 cloak of the Thief {+Fog Slay-2 SInv Stlth+}
rCorr    .         Harm     .   O - +0 pair of gloves
MR       +....                  v - +1 pair of boots
Stlth    ++........             i - amulet of magic regeneration
HPRegen  0.23/turn              E - +3 ring of protection
MPRegen  0.49/turn              q - +4 ring of intelligence

@: mighty, hasted, drained, very quick
A: antennae 1, cold resistance 1, poison resistance
a: Renounce Religion, Evoke Fog


You were in a volcano.
You worshipped Vehumet.
Vehumet was extremely pleased with you.
You were full.

You visited 4 branches of the dungeon, and saw 18 of its levels.
You also visited: Labyrinth, Sewer and Volcano.

You collected 939 gold pieces.

Inventory:

Hand Weapons
 w - the +3 lajatang of Empoab (weapon) {slice, rPois Str+5}
   (You found it on level 6 of the Dungeon)

   It inflicts extra damage upon your enemies.
   It affects your strength (+5).
   It protects you from poison.
 I - a +2 quick blade
Armour
 v - a +1 pair of boots (worn)
 x - a +0 ring mail (worn)
 A - a +0 buckler
 L - a +1 hat (worn)
 O - a +0 pair of gloves (worn)
 Q - the +2 cloak of the Thief (worn) {+Fog Slay-2 SInv Stlth+}
   (You found it in a labyrinth)

   It affects your accuracy and damage with ranged weapons and melee attacks
   (-2).
   It lets you see invisible.
   It makes you more stealthy.
Jewellery
 b - an uncursed ring of wizardry
 f - an uncursed ring of positive energy
 i - an amulet of magic regeneration (around neck)
 l - a +3 ring of protection
 q - a +4 ring of intelligence (right hand)
 E - a +3 ring of protection (left hand)
 H - a +4 ring of dexterity
Wands
 d - a wand of paralysis (13/24)
 j - a wand of disintegration (24/24)
 k - a wand of confusion (23/48)
 m - a wand of polymorph (4/24)
 o - a wand of digging (4/24)
 u - a wand of iceblast (5/15)
 M - a wand of lightning (9/15)
Scrolls
 e - a scroll of magic mapping
 r - a scroll of teleportation
 s - a scroll of torment
 C - 2 scrolls of immolation
 J - a scroll of fear
 K - 2 scrolls of amnesia
 T - a scroll of recharging
Potions
 t - 2 potions of haste
 z - 3 potions of might
 B - a potion of cancellation
 D - 3 potions of agility
 F - a potion of mutation
Books
 R - a book of Power

   Spells                             Type                      Level
   a - Iskenderun's Battlesphere      Conjuration/Charms           5
   b - Venom Bolt                     Conjuration/Poison           5
   c - Bolt of Magma                  Conjuration/Fire/Earth       5
   d - Iron Shot                      Conjuration/Earth            6
   e - Orb of Destruction             Conjuration                  7
   f - Spellforged Servitor           Conjuration/Summoning        7
Comestibles
 a - a chunk of flesh
 c - 7 bread rations
 h - 8 meat rations


   Skills:
 + Level 5.9(5.2) Fighting
 + Level 7.6(6.8) Short Blades
 + Level 6.0(5.2) Armour
 + Level 8.9(8.0) Dodging
 - Level 2.4(1.7) Stealth
 + Level 1.0(0.4) Shields
 * Level 14.3(13.4) Spellcasting
 + Level 9.3(8.5) Conjurations
 + Level 9.5(8.7) Fire Magic
 + Level 5.0(4.2) Air Magic
 + Level 6.2(5.5) Earth Magic
 + Level 5.3(4.6) Poison Magic
 + Level 8.3(7.5) Evocations


You had 5 spell levels left.
You knew the following spells:

 Your Spells              Type           Power        Failure   Level  Hunger
a - Flame Tongue          Conj/Fire      #####        1%          1    None
b - Throw Flame           Conj/Fire      ######       1%          2    None
c - Conjure Flame         Conj/Fire      ######..     1%          3    None
d - Inner Flame           Hex/Fire       #####...     1%          3    None
e - Sticky Flame          Conj/Fire      ######..     1%          4    None
f - Fireball              Conj/Fire      ######....   1%          5    None
g - Airstrike             Air            #####.....   2%          4    None
h - Iron Shot             Conj/Erth      ######....   11%         6    ####...
i - Mephitic Cloud        Conj/Pois/Air  ######..     1%          3    None
j - Venom Bolt            Conj/Pois      ######....   2%          5    None


Dungeon Overview and Level Annotations

Branches:
Dungeon (10/15)            Temple (1/1) D:5            Lair (6/6) D:10
 Shoals (0/4) Lair:2        Snake (0/4) Lair:4        Slime (0/5) Lair:5
    Orc (1/2) D:10

Altars:
Ashenzari
Cheibriados
Dithmenos
Elyvilon
Fedhas
Gozag
Hepliaklqana
Kikubaaqudgha
Makhleb
Nemelex Xobeh
Okawaru
Qazlal
Ru
Sif Muna
Trog
Uskayaw
Vehumet
Wu Jian
Xom
Yredelemnul
Zin
The Shining One
Jiyva

Shops:
D:7 }

Annotations:
Orc:1 Erolcha, Nergalle Volcano dududu's ghost, journeyman DDFi


Innate Abilities, Weirdness & Mutations

You have a pair of small antennae on your head.
Your flesh is cold resistant. (rC+)
Your system is resistant to poisons. (rPois)


Message History

Unknown command.
You feel very mighty all of a sudden.
Dududu's ghost is engulfed in blazing flames.
Dududu's ghost hits you!
* * * LOW HITPOINT WARNING * * *
You feel yourself speed up.
Dududu's ghost is engulfed in blazing flames.
Dududu's ghost hits you!!
* * * LOW HITPOINT WARNING * * *
Unknown command.
Evoke which item? (* to show all) (? for menu, Esc to quit)
Aiming: Disintegrate
Press: ? - help, Shift-Dir - straight line, f - dududu's ghost
Aim: dududu's ghost (flame, heavily damaged, chance to defeat MR: 41%)
Okay, then.
You miss dududu's ghost.
Dududu's ghost is heavily damaged.
Dududu's ghost is engulfed in blazing flames.
Dududu's ghost hits you!!
You die...

≈ .≈ ..§
..≈≈
..≈≈§
###....≈§
#@W∩.....
####.....
... .


You could see dududu's ghost.

Vanquished Creatures
  Snorg (Lair:6)
  Josephine (Orc:1)
  A minotaur (Lab)
  2 hydras
  2 two-headed ogres (Orc:1)
  4 death yaks (Lair:6)
  An orc high priest (Orc:1)
  An oklob plant (Lair:4)
  A cyclops (D:10)
  An orc sorcerer (Orc:1)
  A merfolk siren (Lair:2)
  2 black mambas (Lair:5)
  5 elephants (Lair:3)
  2 molten gargoyles (Lair:3)
  11 spiny frogs
  A rime drake (Lair:6)
  2 torpor snails (Lair:6)
  5 komodo dragons
  2 merfolk (Lair:2)
  8 polar bears
  2 trolls
  6 hornets
  Grinder (D:3)
  A dream sheep (Lair:6)
  11 hippogriffs
  9 blink frogs
  12 spriggans
  3 wraiths (Orc:1)
  A steam dragon (D:10)
  Sigmund (D:5)
  29 yaks
  A basilisk (Lair:6)
  A hungry ghost (D:7)
  A warg (Orc:1)
  2 nagas (Lair:4)
  12 water moccasins
  9 porcupines
  4 black bears (Lair:6)
  2 sky beasts
  11 orc warriors
  4 ice beasts
  A necrophage (D:10)
  27 wolves
  7 centaurs
  3 ogres
  3 phantoms
  13 crocodiles
  4 boggarts (Lair:6)
  5 big kobolds
  The ghost of nikopol the Conjurer, an amateur DECj (Sewer)
  24 bullfrogs
  2 scorpions (D:10)
  5 killer bees (D:10)
  4 wights (D:6)
  2 electric eels (Lair:5)
  5 howler monkeys
  3 jellies
  4 crimson imps
  5 lava snakes (Lair:3)
  A bullfrog zombie (D:6)
  4 hounds
  A quasit (D:5)
  13 orc priests
  Crazy Yiuf (D:2)
  4 bullfrog skeletons
  2 iguanas
  12 orc wizards
  Ijyb (D:3)
  9 worker ants
  Natasha (thrice) (D:2)
  2 hound skeletons
  A howler monkey zombie (D:5)
  8 gnolls (D:4)
  24 adders
  A river rat (Sewer)
  2 shadow imps
  2 oozes (Sewer)
  11 worms
  2 dart slugs (D:1)
  8 leopard geckos
  48 orcs
  3 ball pythons (Sewer)
  3 bats (D:1)
  9 giant cockroaches
  6 goblins
  13 hobgoblins
  24 jackals
  6 quokkas
  A ball python skeleton (D:4)
  2 frilled lizards
  A jackal skeleton (D:5)
  A jackal zombie (D:6)
  16 kobolds
  A leopard gecko skeleton (D:4)
  15 rats
556 creatures vanquished.

Vanquished Creatures (others)
  A bush (Lair:3)
  16 fungi
  2 plants (Lair:3)
19 creatures vanquished.

Grand Total: 575 creatures vanquished

Notes
Turn   | Place    | Note
-------+----------+-------------------------------------------
     0 | D:1      | Kidiri the Deep Elf Fire Elementalist began the quest for the Orb.
     0 | D:1      | Reached XP level 1. HP: 10/10 MP: 6/6
   302 | D:1      | Reached XP level 2. HP: 4/15 MP: 3/8
   316 | D:1      | Learned a level 2 spell: Throw Flame
   646 | D:1      | Reached skill level 4 in Spellcasting
   777 | D:1      | Reached XP level 3. HP: 19/19 MP: 4/10
   877 | D:1      | Learned a level 3 spell: Conjure Flame
   881 | D:1      | Learned a level 3 spell: Inner Flame
  1244 | D:2      | Found a runed door.
  1573 | D:2      | Reached XP level 4. HP: 19/24 MP: 9/12
  1835 | D:2      | Found a white marble altar of Elyvilon.
  1877 | D:2      | Noticed Natasha
  1882 | D:2      | Killed Natasha
  1882 | D:2      | Reached skill level 5 in Spellcasting
  2165 | D:2      | Learned a level 4 spell: Sticky Flame
  2202 | D:2      | Noticed Natasha
  2207 | D:2      | Killed Natasha
  2207 | D:2      | Reached XP level 5. HP: 27/28 MP: 10/15
  2276 | D:2      | Noticed Natasha
  2281 | D:2      | Killed Natasha
  2484 | D:2      | Noticed Crazy Yiuf
  2489 | D:2      | Killed Crazy Yiuf
  2489 | D:2      | Reached skill level 6 in Spellcasting
  2703 | D:3      | Noticed Grinder
  2704 | D:3      | Found a glowing drain.
  2748 | D:3      | Killed Grinder
  2748 | D:3      | Reached skill level 7 in Spellcasting
  2748 | D:3      | Reached XP level 6. HP: 6/32 MP: 10/18
  2837 | Sewer    | Entered a sewer
  2844 | Sewer    | Noticed nikopol's ghost (amateur DECj)
  2847 | Sewer    | Killed nikopol's ghost
  3010 | Sewer    | Learned a level 5 spell: Fireball
  3027 | Sewer    | Reached skill level 5 in Fire Magic
  3027 | Sewer    | Reached XP level 7. HP: 36/36 MP: 17/20
  3137 | Sewer    | Reached skill level 1 in Evocations
  3798 | Sewer    | Reached skill level 1 in Short Blades
  3798 | Sewer    | Reached skill level 1 in Armour
  3868 | Sewer    | Reached skill level 8 in Spellcasting
  4180 | D:3      | Noticed Ijyb
  4185 | D:3      | Killed Ijyb
  4241 | D:3      | Reached skill level 1 in Fighting
  4656 | D:3      | Reached XP level 8. HP: 43/43 MP: 18/22
  5945 | D:5      | Entered Level 5 of the Dungeon
  5953 | D:5      | Noticed Sigmund
  5961 | D:5      | Killed Sigmund
  5961 | D:5      | Reached skill level 5 in Conjurations
  6027 | D:5      | Reached skill level 9 in Spellcasting
  6438 | D:5      | Reached XP level 9. HP: 41/48 MP: 20/24
  6442 | D:5      | Gained mutation: You expend magic power (3 MP) to strengthen your wands. [mutagenic meat]
  6443 | D:5      | Gained mutation: Your muscles are strong. (Str +2) [mutagenic meat]
  6444 | D:5      | Gained mutation: You evolve. [mutagenic meat]
  6445 | D:5      | Gained mutation: Your muscles are very strong. (Str +4) [mutagenic meat]
  6446 | D:5      | Gained mutation: Scrolls take you a little longer to read. [mutagenic meat]
  6447 | D:5      | Lost mutation: Scrolls take you a little longer to read. [mutagenic meat]
  6644 | D:5      | Lost mutation: You expend magic power (3 MP) to strengthen your wands. [evolution]
  7057 | D:5      | Found a staircase to the Ecumenical Temple.
  7066 | Temple   | Entered the Ecumenical Temple
  7344 | D:6      | Got a shimmering lajatang
  7345 | D:6      | Identified the +3 lajatang of Empoab {slice, rPois Str+5} (You found it on level 6 of the Dungeon)
  7561 | D:6      | Found a shadowy altar of Dithmenos.
  8568 | D:6      | Reached skill level 10 in Spellcasting
  9211 | D:7      | Reached skill level 5 in Dodging
  9608 | D:7      | Reached XP level 10. HP: 56/56 MP: 23/26
  9826 | D:7      | Found Kuaps's Gadget Emporium.
  9938 | D:7      | Found a shimmering altar of Xom.
  9938 | D:7      | Found a radiant altar of Vehumet.
  9945 | D:7      | Became a worshipper of Vehumet
 10530 | D:8      | Reached * piety under Vehumet
 10530 | D:8      | Offered knowledge of Sandblast by Vehumet.
 10688 | D:8      | You fall through a shaft for 2 floors!
 10688 | D:10     | Entered Level 10 of the Dungeon
 10691 | D:10     | Noticed a cyclops
 10726 | D:10     | Reached skill level 5 in Evocations
 10732 | D:10     | Reached skill level 11 in Spellcasting
 10745 | D:10     | Gained mutation: Your system is resistant to poisons. (rPois) [evolution]
 10897 | D:10     | Learned a level 1 spell: Sandblast
 10905 | D:10     | Reached skill level 5 in Short Blades
 11463 | D:9      | Found a snail-covered altar of Cheibriados.
 11518 | D:9      | Offered knowledge of Shock by Vehumet.
 11520 | D:9      | Reached ** piety under Vehumet
 11574 | D:9      | Found a sparkling altar of Nemelex Xobeh.
 11660 | D:9      | Reached skill level 1 in Earth Magic
 11953 | D:9      | Gained mutation: Your spells are a little easier to cast, but a little less powerful. [evolution]
 11953 | D:9      | Lost mutation: You evolve. [end of evolution]
 11954 | D:9      | Lost mutation: Your system is resistant to poisons. (rPois) [potion of mutation]
 11954 | D:9      | Lost mutation: Your spells are a little easier to cast, but a little less powerful. [potion of mutation]
 11954 | D:9      | Lost mutation: Your muscles are very strong. (Str +4) [potion of mutation]
 11954 | D:9      | Lost mutation: Your muscles are strong. (Str +2) [potion of mutation]
 11954 | D:9      | Gained mutation: You evolve. [potion of mutation]
 11954 | D:9      | Gained mutation: Your flesh is cold resistant. (rC+) [potion of mutation]
 11954 | D:9      | Gained mutation: Your system is resistant to poisons. (rPois) [potion of mutation]
 11981 | D:9      | Learned a level 1 spell: Shock
 12174 | D:9      | Found an ancient bone altar of Kikubaaqudgha.
 12322 | D:10     | Reached XP level 11. HP: 31/60 MP: 22/28
 12731 | D:10     | Reached skill level 1 in Air Magic
 12841 | D:10     | Found a staircase to the Orcish Mines.
 12841 | D:10     | Found a staircase to the Lair.
 12844 | D:10     | Offered knowledge of Mephitic Cloud by Vehumet.
 12851 | D:10     | Learned a level 3 spell: Mephitic Cloud
 12920 | D:10     | Gained mutation: You have a pair of small antennae on your head. [evolution]
 13461 | Lair:1   | Entered Level 1 of the Lair of Beasts
 13489 | Lair:1   | Found a labyrinth entrance.
 13498 | Lab      | Entered a labyrinth
 13756 | Lab      | Noticed a minotaur
 13806 | Lab      | Killed a minotaur
 13834 | Lab      | Identified the Almanac of Enhancements and Confrontation
 13835 | Lab      | Got a scintillating ivory ring
 14091 | Lair:1   | Identified the cursed ring of the Cast Vote {rPois Int-2} (You found it in a labyrinth)
 14299 | Lair:1   | Learned a level 6 spell: Iron Shot
 14306 | Lair:1   | Learned a level 5 spell: Venom Bolt
 14430 | Lair:1   | Reached skill level 12 in Spellcasting
 14430 | Lair:1   | Reached skill level 1 in Poison Magic
 15393 | Lair:2   | HP: 3/61 [poisoned by a merfolk]
 15688 | Lair:2   | Reached *** piety under Vehumet
 16111 | Lair:2   | Found a staircase to the Shoals.
 17110 | Lair:3   | Reached XP level 12. HP: 65/67 MP: 21/30
 17118 | Lair:3   | Offered knowledge of Airstrike by Vehumet.
 17627 | Lair:3   | Reached **** piety under Vehumet
 17627 | Lair:3   | Reached skill level 13 in Spellcasting
 17629 | Lair:3   | Reached skill level 5 in Armour
 17694 | Lair:3   | Learned a level 4 spell: Airstrike
 17772 | Lair:3   | Offered knowledge of Yara's Violent Unravelling by Vehumet.
 17988 | Lair:3   | Reached skill level 5 in Fighting
 18613 | Lair:4   | Found a staircase to the Snake Pit.
 19294 | Lair:4   | Noticed an eight-headed hydra
 19300 | Lair:4   | Killed an eight-headed hydra
 19803 | Lair:5   | Found a staircase to the Slime Pits.
 19803 | Lair:5   | Found a viscous altar of Jiyva.
 19956 | Lair:5   | Reached XP level 13. HP: 50/72 MP: 28/32
 20119 | Lair:5   | Reached skill level 5 in Earth Magic
 21346 | Lair:6   | Entered Level 6 of the Lair of Beasts
 21561 | Lair:6   | Noticed Snorg
 21564 | Lair:6   | Killed Snorg
 21574 | Lair:6   | Reached ***** piety under Vehumet
 21733 | Lair:6   | Offered knowledge of Ozocubu's Refrigeration by Vehumet.
 21761 | Lair:6   | Paralysed by a hornet for 1 turns
 22623 | Lair:6   | Lost mutation: You evolve. [evolution]
 22808 | Lair:6   | Reached skill level 14 in Spellcasting
 22896 | Lair:6   | Reached skill level 5 in Poison Magic
 23298 | Lair:6   | Reached skill level 1 in Shields
 23558 | Orc:1    | Entered Level 1 of the Orcish Mines
 23561 | Orc:1    | Noticed Josephine
 23580 | Orc:1    | Killed Josephine
 23619 | Orc:1    | Noticed Nergalle
 23641 | Orc:1    | Noticed Erolcha
 23893 | Orc:1    | Reached skill level 5 in Air Magic
 23913 | Orc:1    | Reached XP level 14. HP: 74/79 MP: 8/34
 23994 | Orc:1    | Found a dark tunnel.
 23999 | Volcano  | Entered a volcano
 23999 | Volcano  | Noticed dududu's ghost (journeyman DDFi)
 24011 | Volcano  | Demolished by dududu's ghost

Vault maps used:
D:1:      dpeg_arrival_rhombi, kennysheep_another_room
D:2:      elyvilon_altar_4, uniq_crazy_yiuf_cottage, uniq_natasha
D:3:      gup_sewer_entry_glass, uniq_ijyb, uniq_grinder
D:5:      temple_hall, first_bread, serial_bayou_ford_a, uniq_sigmund
D:6:      kennysheep_windowed_halls, basic_altar, kennysheep_small_square
D:7:      gammafunk_temple_overflow_wave, serial_shops, shop
D:9:      old_standard_altar, lemuel_doored_altar, nemelex_altar_shiori
D:10:     grunt_lair_entry_orc_guard_hut, david_orc_2
Temple:   nicolae_temple_elliptical
Lair:1:   lab_entry_generic, st_stairs_13, grunt_megastairs_2,
          infiniplex_staircase_pool
Lair:2:   elwin_shoals_entry_rooms
Lair:3:   cheibrodos_magma_flow
Lair:4:   minmay_snake_entry_guardpost_small, beast_lair_carwin_2,
          grunt_megastairs_1
Lair:5:   statuecave_lemuel, slime_altar_1, serial_bayou_shore_b
Lair:6:   minmay_lair_end_enchanted_forest, cheibrodos_lair_lostbears,
          uniq_snorg
Orc:1:    nicolae_orc_accident_3, nicolae_volcano_entry_s_turn,
          okawaru_metal_pillars_1_2, uniq_josephine, uniq_nergalle, uniq_erolcha
Lab:      labyrinth_spiral, labyrinth_skeletal_remains, nicolae_lab_garden,
          nicolae_lab_hexagon
Sewer:    sewer_co_tree
Volcano:  volcano_lake

Skill      XL: |  1  2  3  4  5  6  7  8  9 10 11 12 13 |
---------------+----------------------------------------+-----
Spellcasting   | 4 5 7 8 9 10 11 12 13 14 | 14.3
Conjurations   | 2 3 4 5 6 7 8 9 |  9.3
Fire Magic     | 4 5 6 7 8 9 |  9.5
Evocations     | 1 3 4 5 6 7 8 |  8.3
Short Blades   | 1 3 4 5 6 7 |  7.6
Armour         | 1 2 3 4 5 6 |  6.0
Fighting       | 1 2 3 4 5 |  5.9
Dodging        | 3 4 5 6 7 8 |  8.9
Earth Magic    | 1 3 4 6 |  6.2
Air Magic      | 2 3 5 |  5.0
Poison Magic   | 2 4 5 |  5.3
Shields        | 1 |  1.0
Stealth        | |  2.4

Action                   |  1- 3 |  4- 6 |  7- 9 | 10-12 | 13-15 || total
-------------------------+-------+-------+-------+-------+-------++-------
Melee: Short sword       |     8 |       |       |       |       ||     8
       Dagger            |     5 |    25 |   118 |       |       ||   148
       Lajatang          |       |       |    94 |   168 |    57 ||   319
       Quick blade       |       |       |       |       |     1 ||     1
 Cast: Flame Tongue      |    74 |    49 |   121 |   189 |    22 ||   455
       Throw Flame       |     1 |    10 |    29 |    14 |     6 ||    60
       Conjure Flame     |     1 |     2 |    18 |    24 |     9 ||    54
       Sticky Flame      |       |     4 |    24 |    75 |    53 ||   156
       Inner Flame       |       |     2 |    24 |    14 |     6 ||    46
       Fireball          |       |       |     1 |    11 |    12 ||    24
       Venom Bolt        |       |       |       |    22 |    33 ||    55
       Iron Shot         |       |       |       |    24 |    39 ||    63
       Mephitic Cloud    |       |       |       |     2 |     1 ||     3
       Airstrike         |       |       |       |     2 |       ||     2
 Abil: Evoke Fog         |       |       |       |       |     2 ||     2
  Use: Scroll            |     9 |     2 |     9 |    22 |    10 ||    52
       Potion            |       |       |       |     5 |     8 ||    13
 Stab: Sleeping          |     4 |     1 |     4 |     3 |     1 ||    13
  Eat: Chunk             |     2 |     5 |    25 |    13 |     9 ||    54
       Royal jelly       |       |       |     3 |     2 |     3 ||     8
       Fruit             |       |       |     1 |     6 |     1 ||     8
       Bread ration      |       |       |       |     3 |     2 ||     5
Armor: Robe              |     5 |    11 |    81 |       |       ||    97
       Ring mail         |       |       |    15 |   136 |    91 ||   242
Dodge: Dodged            |    25 |    25 |   221 |   271 |   188 ||   730
